[Event "Titled Tuesday Blitz November 29 Late 2022"]
[White "Van Foreest, Jorden"]
[Black "Fernandez Guillen, Ernesto J."]
[WhiteFideId "1039784"]
[BlackFideId "3512428"]
[WhiteElo "2977"]
[BlackElo "2720"]
[Result "0-1"]
[Round "03"]
[TimeControl "180+1"]
[Date "2022.11.30"]
[WhiteClock "0:00:22"]
[BlackClock "0:00:07"]

1. e4 e5 2. Nf3 Nc6 3. Bb5 f5 4. d3 fxe4 5. dxe4 Nf6 6. O-O d6 7. Nc3 Bg4 8. h3 Bh5 9. a4 Be7 10. a5 a6 11. Bc4 Qd7 12. Be3 Nd4 13. Bxd4 exd4 14. Nd5 Nxd5 15. Bxd5 c6 16. Bc4 Bf6 17. Be2 Bxf3 18. Bxf3 O-O 19. Be2 Kh8 20. f4 Rae8 21. Bd3 Qf7 22. Qf3 Bd8 23. b4 c5 24. bxc5 dxc5 25. Qe2 Qg6 26. e5 Qh6 27. Qe4 Bh4 28. Rf3 Rc8 29. Qxb7 c4 30. Be4 d3 31. Qb6 d2 32. Qxh6 gxh6 33. Kf1 Rcd8 34. Ke2 Be1 35. f5 Rde8 36. e6 Kg7 37. Bc6 Re7 38. g4 Kf6 39. Bd7 Rg8 40. Rf4 h5 41. Rxc4 hxg4 42. Rxg4 Rd8 43. Rf4 Rdxd7 44. Rd1 Rd5 45. c4 Re5+ 46. Kd3 Rxf5 47. Rd4 Rxe6 48. Rd7 Rc6 49. Rxh7 Rf3+ 50. Kd4 Rf4+ 51. Kd5 Rcxc4 52. Rh6+ Kf5 53. Rh5+ Kg6 54. Rh8 Rfd4+ 55. Ke5 Rd7 56. Ke6 Rd3 57. Rg8+ Kh7 58. Rg5 Rc1 59. Kf7 Rd7+ 60. Kf6 Rxd1 61. Rh5+ Kg8 62. Rg5+ Kf8 63. Rc5 Rd6+ 64. Ke5 Rg6 65. Kf5 Kg7 66. Rc7+ Kh6 67. Rc8 Rc1 0-1


[Site "https://www.chess.com"]

[Event "Titled Tuesday Blitz November 29 Late 2022"]
[White "Ward, Ieuan C"]
[Black "Girsh, Daniel"]
[WhiteFideId "406627"]
[BlackFideId "30949190"]
[WhiteElo "2294"]
[BlackElo "2075"]
[Result "0-1"]
[Round "03"]
[TimeControl "180+1"]
[Date "2022.11.30"]
[WhiteClock "0:00:06"]
[BlackClock "0:00:11"]

1. d4 Nf6 2. c4 e6 3. Nf3 d5 4. Nc3 Ne4 5. Bf4 Bb4 6. Rc1 O-O 7. cxd5 exd5 8. Qb3 Nc6 9. e3 g5 10. Bg3 h5 11. h4 g4 12. Ne5 Nxg3 13. Nxc6 bxc6 14. fxg3 Bd6 15. Ne2 Re8 16. Nf4 Qf6 17. Be2 Bf5 18. O-O Rab8 19. Qc3 Qh6 20. a3 Bd7 21. b4 Re7 22. Ba6 Rbe8 23. Rce1 Re4 24. Bb7 Rb8 25. Bxc6 Bxc6 26. Qxc6 Bxf4 27. Qxd5 Bxe3+ 28. Kh2 Re6 29. Rf5 Bd2 30. Ref1 Qg6 31. Qd7 Rf8 32. Qxc7 Re2 33. R5f2 Rxf2 34. Rxf2 Be3 35. Re2 Bxd4 36. Qc4 Qd6 37. Rd2 Bg1+ 38. Kxg1 Qxd2 39. Qc5 Qh6 40. Qxa7 Qg6 41. Qc5 Re8 42. Qc3 Qe4 43. Kh2 Qe3 44. Qc2 Qe4 45. Qc6 Qxc6 0-1


[Site "https://www.chess.com"]

[Event "Titled Tuesday Blitz November 29 Late 2022"]
[White "Wieczorek, Oskar"]
[Black "Rubio Tent, Francisco"]
[WhiteFideId "1133950"]
[BlackFideId "2238233"]
[WhiteElo "2404"]
[BlackElo "2211"]
[Result "1-0"]
[Round "03"]
[TimeControl "180+1"]
[Date "2022.11.30"]
[WhiteClock "0:01:00"]
[BlackClock "0:01:51"]

1. e4 c6 2. d4 d5 3. Nd2 dxe4 4. Nxe4 Bf5 5. Ng3 Bg6 6. c3 Nd7 7. Nh3 Ngf6 8. Bc4 e6 9. Nf4 Nd5 10. Nfh5 N7f6 11. Bg5 Qb6 12. Bb3 Nxh5 13. Nxh5 a5 14. O-O a4 15. Bxd5 cxd5 16. b3 axb3 17. axb3 Rxa1 18. Qxa1 Bxh5 19. Qa4+ 1-0


[Site "https://www.chess.com"]

[Event "Titled Tuesday Blitz November 29 Late 2022"]
[White "Wieczorek, Zbigniew"]
[Black "Boruchovsky, Avital"]
[WhiteFideId "1102001"]
[BlackFideId "2800055"]
[WhiteElo "2322"]
[BlackElo "2820"]
[Result "0-1"]
[Round "03"]
[TimeControl "180+1"]
[Date "2022.11.30"]
[WhiteClock "0:00:04"]
[BlackClock "0:01:00"]

1. Nf3 d5 2. g3 Nd7 3. d4 Nb6 4. Bg2 Bf5 5. Nbd2 Nf6 6. c3 h6 7. a4 a5 8. O-O e6 9. Re1 Be7 10. Ne5 O-O 11. e4 dxe4 12. Nxe4 Nxe4 13. Bxe4 Bxe4 14. Rxe4 Nd7 15. Nxd7 Qxd7 16. Qe2 Ra6 17. Re5 Bf6 18. Rb5 Qc6 19. Be3 Rd8 20. Re1 Raa8 21. Qc2 Rd5 22. Qb3 Rxb5 23. axb5 Qf3 24. Qc4 Rc8 25. Qe2 Qf5 26. Ra1 b6 27. Qc4 Be7 0-1


[Site "https://www.chess.com"]

[Event "Titled Tuesday Blitz November 29 Late 2022"]
[White "Winkels, Marcel"]
[Black "Vasques, Antonio Pedro Freixial"]
[WhiteFideId "1003887"]
[BlackFideId "1908332"]
[WhiteElo "1900"]
[BlackElo "2243"]
[Result "0-1"]
[Round "03"]
[TimeControl "180+1"]
[Date "2022.11.30"]
[WhiteClock "0:02:06"]
[BlackClock "0:02:25"]

1. d4 Nf6 2. Bf4 g6 3. Nc3 d5 4. e3 Bg7 5. h4 h6 6. Nf3 O-O 7. Bd3 Bg4 8. Qd2 c5 9. Ne5 Nc6 10. Nxg4 Nxg4 11. O-O-O c4 12. Bf1 b5 13. f3 Nf6 14. e4 b4 15. Nxd5 Nxd5 16. exd5 Qxd5 17. Bxh6 c3 18. bxc3 Qxa2 0-1


[Site "https://www.chess.com"]

[Event "Titled Tuesday Blitz November 29 Late 2022"]
[White "Yi, Richard"]
[Black "Forgacs, Attila Jr."]
[WhiteFideId "2079518"]
[BlackFideId "773654"]
[WhiteElo "2147"]
[BlackElo "2168"]
[Result "1-0"]
[Round "03"]
[TimeControl "180+1"]
[Date "2022.11.30"]
[WhiteClock "0:01:19"]
[BlackClock "0:00:25"]

1. d4 Nf6 2. c4 g6 3. Nc3 Bg7 4. e4 O-O 5. f3 d6 6. Bg5 c5 7. d5 h6 8. Be3 e6 9. Qd2 Kh7 10. Nge2 exd5 11. cxd5 a6 12. a4 Nbd7 13. Nc1 Ne5 14. h3 Bd7 15. f4 Re8 16. fxe5 Rxe5 17. Bd3 c4 18. Bc2 Nxe4 19. Nxe4 Rxe4 20. Bxe4 Qh4+ 21. Qf2 Qxe4 22. O-O c3 23. bxc3 Bxc3 24. Ra3 Bg7 25. Qxf7 Bxa4 26. Rf4 Be8 27. Qxg7+ Kxg7 28. Rxe4 Bb5 29. Bd4+ Kh7 30. Re7+ Kg8 31. Rg3 g5 32. Rf3 Rc8 33. Rg7+ Kh8 34. Rc7+ 1-0


[Site "https://www.chess.com"]

[Event "Titled Tuesday Blitz November 29 Late 2022"]
[White "Yoo, Christopher Woojin"]
[Black "Khater, Sherif"]
[WhiteFideId "30909694"]
[BlackFideId "2034280"]
[WhiteElo "2463"]
[BlackElo "2523"]
[Result "0-1"]
[Round "03"]
[TimeControl "180+1"]
[Date "2022.11.30"]
[WhiteClock "0:00:04"]
[BlackClock "0:00:37"]

1. g3 e5 2. Bg2 Nf6 3. c4 Nc6 4. Nc3 g6 5. d3 Bg7 6. Nf3 d6 7. O-O O-O 8. Rb1 a6 9. b4 Rb8 10. Bd2 Re8 11. b5 axb5 12. cxb5 Nd4 13. Nxd4 exd4 14. Nd5 Nxd5 15. Bxd5 Be6 16. Bxe6 Rxe6 17. e4 dxe3 18. Bxe3 Ra8 19. Qb3 Qd7 20. a4 d5 21. Rfc1 h5 22. Bf4 c6 23. Qb4 Re2 24. Re1 Rxe1+ 25. Rxe1 Re8 26. bxc6 Rxe1+ 27. Qxe1 Qxc6 28. Qb4 Bf8 29. Qb3 Bc5 30. h4 b6 31. Be5 f6 32. Bb2 Kg7 33. Qb5 Qxb5 34. axb5 Kf7 35. Kf1 Ke6 36. Ke2 g5 37. Kf3 Kf5 38. Bc1 g4+ 39. Ke2 Bd4 40. Ba3 Ke6 41. Bb4 f5 42. Kf1 f4 43. gxf4 Kf5 44. Bd2 Bf6 45. Kg2 Bxh4 46. Be3 Bd8 47. f3 Bc7 48. fxg4+ Kxg4 49. Kf2 h4 50. Kg2 h3+ 51. Kf2 Bd8 52. Kf1 Kf3 53. Bg1 Bc7 54. Bh2 Bxf4 55. Kg1 Bxh2+ 56. Kxh2 Ke3 57. Kxh3 Kxd3 58. Kg3 d4 59. Kf2 Kd2 0-1


[Site "https://www.chess.com"]

[Event "Titled Tuesday Blitz November 29 Late 2022"]
[White "Yuan, Qingyu"]
[Black "Radjabov, Teimour"]
[WhiteFideId "8609772"]
[BlackFideId "13400924"]
[WhiteElo "2770"]
[BlackElo "3019"]
[Result "0-1"]
[Round "03"]
[TimeControl "180+1"]
[Date "2022.11.30"]
[WhiteClock "0:00:05"]
[BlackClock "0:01:31"]

1. e4 c5 2. Nf3 Nc6 3. Bb5 g6 4. Bxc6 dxc6 5. d3 Bg7 6. Nc3 Nf6 7. h3 O-O 8. Be3 Nd7 9. Qd2 Re8 10. O-O b6 11. a3 a5 12. Rab1 a4 13. Nh2 e5 14. f4 exf4 15. Rxf4 Ne5 16. Nf3 g5 17. Nxg5 Qxg5 18. Rg4 Qxe3+ 19. Qxe3 Nxg4 20. Qf3 Ne5 21. Qg3 Re6 22. Ne2 Rg6 23. Qe3 Bh6 24. Nf4 Bxh3 25. Qxh3 Bxf4 26. Rf1 Bg5 27. Rf5 Re8 28. Kf1 Ree6 29. Qh5 h6 30. Qh3 Rgf6 31. Rxf6 Rxf6+ 32. Ke2 Kg7 33. Qc8 b5 34. c3 c4 35. dxc4 Nxc4 36. Qd7 Re6 37. Kf2 Nd6 38. e5 Nc4 39. Kg1 Be3+ 40. Kh2 Nxe5 41. Qc7 Bf4+ 42. Kh3 Rg6 43. Qc8 Rg3+ 44. Kh4 Ng6+ 0-1


[Site "https://www.chess.com"]

[Event "Titled Tuesday Blitz November 29 Late 2022"]
[White "Zhigalko, Sergei"]
[Black "Manelyuk, Daniil"]
[WhiteFideId "13502956"]
[BlackFideId "44173920"]
[WhiteElo "2876"]
[BlackElo "2578"]
[Result "1-0"]
[Round "03"]
[TimeControl "180+1"]
[Date "2022.11.30"]
[WhiteClock "0:00:06"]
[BlackClock "0:00:06"]

1. e4 e6 2. d4 d5 3. e5 c5 4. c3 Nc6 5. Nf3 Qb6 6. Bd3 Bd7 7. dxc5 Bxc5 8. O-O a5 9. Nbd2 Nge7 10. Nb3 Ng6 11. Nxc5 Qxc5 12. Re1 a4 13. h4 Nge7 14. Be3 Qa5 15. h5 Nf5 16. Bxf5 exf5 17. h6 gxh6 18. Bxh6 O-O-O 19. Nd4 Rhg8 20. b4 Qa7 21. Nb5 Qb6 22. Nd6+ Kb8 23. Nxf7 Rde8 24. Nd6 Re6 25. Be3 Qd8 26. Qxd5 Reg6 27. g3 Qh4 28. Kf1 Qh3+ 29. Ke2 f4 30. Bxf4 Bg4+ 31. Kd2 Be6 32. Qe4 R6g7 33. b5 Na5 34. Qxa4 b6 35. Qd4 Ka7 36. Be3 Rb8 37. Qb4 Nb7 38. Qa4+ 1-0


[Site "https://www.chess.com"]

[Event "Titled Tuesday Blitz November 29 Late 2022"]
[White "chess50years"]
[Black "Salman, Pavel"]
[BlackFideId "24153753"]
[WhiteElo "2146"]
[BlackElo "2187"]
[Result "0-1"]
[Round "03"]
[TimeControl "180+1"]
[Date "2022.11.30"]
[WhiteClock "0:00:11"]
[BlackClock "0:00:09"]

1. d4 Nf6 2. c4 c5 3. d5 b5 4. Nd2 bxc4 5. e4 c3 6. bxc3 d6 7. Bb5+ Bd7 8. a4 g6 9. Ngf3 Bg7 10. O-O O-O 11. Bxd7 Nbxd7 12. h3 Rb8 13. Qc2 e6 14. dxe6 fxe6 15. e5 dxe5 16. Ng5 Qe7 17. Nge4 Nd5 18. Ba3 Kh8 19. Rab1 Nf4 20. Rxb8 Rxb8 21. Rb1 Rf8 22. Rb7 Rf7 23. Qd1 Qh4 24. Qg4 Qxg4 25. hxg4 Bh6 26. Nc4 Ne2+ 27. Kf1 Nf4 28. Nxc5 Nxc5 29. Rxf7 Nxa4 30. Nxe5 Nxc3 31. Rxa7 g5 32. Nf7+ Kg7 33. Nxg5+ Kg6 34. Ne4 Ncd5 35. Bb2 Nd3 36. Bd4 e5 37. g5 exd4 38. gxh6 Kxh6 39. Rd7 N3b4 40. Nd2 Kg6 41. g3 Kf5 42. Rxh7 d3 43. Rh4 Ke5 44. Kg2 Nc2 45. Re4+ Kf5 46. Ra4 Nc3 47. Rc4 Nd5 48. Rc5 Ke6 49. Rxd5 Kxd5 50. Kf3 Kd4 51. g4 Kc3 52. Ne4+ Kd4 53. Nd2 Ne1+ 54. Kf4 Ng2+ 55. Kf5 Kc3 56. Nf3 Nh4+ 57. Kf6 Nxf3 58. g5 Nxg5 59. Kxg5 d2 60. f4 d1=Q 61. f5 Qd8+ 62. f6 Qf8 63. Kg6 Kd4 0-1


[Site "https://www.chess.com"]

[Event "Titled Tuesday Blitz November 29 Late 2022"]
[White "Abrahamyan, Tatev"]
[Black "Quesada Perez, Yuniesky"]
[WhiteFideId "13301918"]
[BlackFideId "3504409"]
[WhiteElo "2347"]
[BlackElo "2599"]
[Result "0-1"]
[Round "04"]
[TimeControl "180+1"]
[Date "2022.11.30"]
[WhiteClock "0:00:37"]
[BlackClock "0:00:47"]

1. e4 d5 2. exd5 Qxd5 3. Nc3 Qa5 4. d4 Nf6 5. Nf3 Bf5 6. Bc4 e6 7. Bd2 Bb4 8. a3 Bxc3 9. Bxc3 Qb6 10. Qe2 O-O 11. Ne5 Nc6 12. O-O-O Nd5 13. Bxd5 exd5 14. g4 Be6 15. f4 f6 16. Nc4 Bxg4 17. Qxg4 dxc4 18. Rhg1 Rf7 19. d5 Ne7 20. d6 Ng6 21. d7 Rd8 22. Rge1 Qc6 23. f5 Nf8 24. Re6 Rfxd7 25. Rg1 Qc5 26. Rxf6 Qe3+ 0-1


[Site "https://www.chess.com"]

[Event "Titled Tuesday Blitz November 29 Late 2022"]
[White "Aggelis, Nikolaos"]
[Black "Seletsky, Grigory"]
[WhiteFideId "4213220"]
[BlackFideId "14112191"]
[WhiteElo "2189"]
[BlackElo "2492"]
[Result "1-0"]
[Round "04"]
[TimeControl "180+1"]
[Date "2022.11.30"]
[WhiteClock "0:00:55"]
[BlackClock "0:00:39"]

1. d4 Nf6 2. c4 d6 3. Nf3 Nbd7 4. g3 e5 5. Bg2 Be7 6. dxe5 Nxe5 7. O-O O-O 8. b3 c6 9. Bb2 Qc7 10. Nc3 Re8 11. Qd2 Bg4 12. h3 Nxf3+ 13. exf3 Bd7 14. Rad1 Rad8 15. Rfe1 Bf5 16. Qf4 Bg6 17. Qd4 a5 18. Ne4 d5 19. cxd5 cxd5 20. Nc3 Bc5 21. Rxe8+ Rxe8 22. Nxd5 Bxd4 23. Nxc7 Bxb2 24. Nxe8 Nxe8 25. Rd8 Kf8 26. f4 b6 27. f5 Bxf5 28. Bc6 Ke7 29. Rxe8+ Kd6 30. Bg2 Bb1 31. a4 Bd4 32. Rd8+ 1-0


[Site "https://www.chess.com"]

[Event "Titled Tuesday Blitz November 29 Late 2022"]
[White "Aghasiyev, Kamal"]
[Black "Girel, Joseph"]
[WhiteFideId "13402854"]
[BlackFideId "36033561"]
[WhiteElo "2341"]
[BlackElo "2281"]
[Result "1-0"]
[Round "04"]
[TimeControl "180+1"]
[Date "2022.11.30"]
[WhiteClock "0:00:09"]
[BlackClock "0:00:05"]

1. d4 Nf6 2. Nf3 b6 3. g3 Bb7 4. Bg2 g6 5. O-O Bg7 6. c4 O-O 7. Nc3 Ne4 8. Qc2 Nxc3 9. Qxc3 c5 10. Be3 d6 11. Qd2 Nc6 12. d5 Na5 13. Rac1 a6 14. Bh6 b5 15. Bxg7 Kxg7 16. b3 Bc8 17. e4 Bg4 18. Ne1 bxc4 19. bxc4 Rb8 20. Nd3 Kg8 21. f4 Bd7 22. f5 Qb6 23. Qh6 Nxc4 24. Rxc4 Bb5 25. Rc3 Bxd3 26. Rxd3 c4+ 27. Re3 Qd4 28. Qf4 Rb2 29. e5 Qd2 30. Qf2 Qb4 31. Qe1 Qc5 32. Kh1 dxe5 33. Qc3 Rxa2 34. Qxe5 Rd2 35. fxg6 hxg6 36. Qxe7 Qd4 37. Qe4 Qb2 38. Bf3 Rxh2+ 39. Kg1 c3 40. Be2 Rh3 41. Kg2 Rh5 42. Qd4 Rd8 43. Qf6 Rf8 44. Rf2 Qd2 45. Rd3 Qc2 46. Rxc3 Qd2 47. Bxh5 Qh6 48. Bg4 Qh7 49. Be6 Qh6 50. Bxf7+ Kh7 51. Bxg6+ Qxg6 52. Qxg6+ Kxg6 53. Rxf8 1-0


[Site "https://www.chess.com"]

[Event "Titled Tuesday Blitz November 29 Late 2022"]
[White "Albornoz Cabrera, Carlos Daniel"]
[Black "Kollars, Dmitrij"]
[WhiteFideId "3518736"]
[BlackFideId "12909572"]
[WhiteElo "2497"]
[BlackElo "2584"]
[Result "1-0"]
[Round "04"]
[TimeControl "180+1"]
[Date "2022.11.30"]
[WhiteClock "0:00:35"]
[BlackClock "0:00:01"]

1. e4 c5 2. Nf3 Nc6 3. d4 cxd4 4. Nxd4 Nf6 5. Nc3 e5 6. Ndb5 d6 7. Bg5 a6 8. Na3 b5 9. Bxf6 gxf6 10. Nd5 f5 11. c3 Bg7 12. exf5 Bxf5 13. Nc2 O-O 14. Nce3 Be6 15. Bd3 f5 16. O-O e4 17. Nf4 Bf7 18. Bc2 Qg5 19. Nh3 Qg6 20. Nf4 Qg5 21. Nh3 Qg6 22. Nf4 Qh6 23. g3 Ne7 24. Bb3 Be5 25. Nfd5 Nxd5 26. Bxd5 Rae8 27. Nxf5 Qg6 28. Bxe4 Kh8 29. f4 Bg7 30. Bc2 d5 31. Nxg7 Qxg7 32. Qd2 h5 33. Rae1 h4 34. Qd4 hxg3 35. hxg3 Qxd4+ 36. cxd4 Kg7 37. Re5 Rc8 38. Bb3 a5 39. f5 Kf6 40. Bxd5 Bh5 41. Re6+ Kg5 42. f6 Rcd8 43. Re5+ Kh6 44. f7 1-0


[Site "https://www.chess.com"]

[Event "Titled Tuesday Blitz November 29 Late 2022"]
[White "Aldokhin, Ivan"]
[Black "Hansen, Eric"]
[WhiteFideId "24115720"]
[BlackFideId "2606771"]
[WhiteElo "2313"]
[BlackElo "2568"]
[Result "0-1"]
[Round "04"]
[TimeControl "180+1"]
[Date "2022.11.30"]
[WhiteClock "0:00:28"]
[BlackClock "0:02:08"]

1. e4 c5 2. Nf3 e6 3. d4 cxd4 4. Nxd4 a6 5. Nc3 Nc6 6. Nxc6 bxc6 7. Bd3 d5 8. Bf4 Ne7 9. Qe2 Ng6 10. Bg3 Bb4 11. a3 Qa5 12. O-O Bxc3 13. bxc3 O-O 14. c4 d4 15. Bd6 Rd8 16. e5 c5 17. Rfb1 Bd7 18. Be4 Rac8 19. Bb7 Bc6 20. Bxc8 Rxc8 21. Rb3 Nf4 22. Qg4 Qd2 0-1


[Site "https://www.chess.com"]

[Event "Titled Tuesday Blitz November 29 Late 2022"]
[White "Andreassen, Lars"]
[Black "Perez Torres, Nabi Isaias"]
[WhiteFideId "1504878"]
[BlackFideId "5120373"]
[WhiteElo "2119"]
[BlackElo "1915"]
[Result "0-1"]
[Round "04"]
[TimeControl "180+1"]
[Date "2022.11.30"]
[WhiteClock "0:00:10"]
[BlackClock "0:00:15"]

1. d4 Nf6 2. Nf3 g6 3. Nc3 Bg7 4. e4 c5 5. d5 d6 6. h3 O-O 7. a4 e5 8. Bg5 h6 9. Be3 Ne8 10. Qd2 Kh7 11. Bd3 b6 12. g4 Ba6 13. O-O-O Bxd3 14. Qxd3 a6 15. h4 b5 16. axb5 axb5 17. Qxb5 Nd7 18. Kd2 Rb8 19. Qc4 Rb4 20. Qa2 f5 21. gxf5 gxf5 22. exf5 Rxf5 23. Ne1 e4 24. Ng2 Ne5 25. Kc1 Nc4 26. Na4 Nxb2 27. Nxb2 Bxb2+ 28. Qxb2 Rxb2 29. Kxb2 Qb6+ 30. Kc1 Qb4 31. Nf4 Rf7 32. Rdg1 Ra7 33. Kd1 Qc3 34. Ke2 Qc4+ 35. Kd2 Ra2 36. Rc1 Nf6 37. Rhg1 Nxd5 38. Ne2 Nxe3 39. fxe3 d5 40. Rg4 Qb4+ 41. Kd1 Qa3 42. Kd2 Ra1 43. Rxa1 Qxa1 44. h5 Qa5+ 45. Kd1 Qa1+ 46. Kd2 Qe5 47. Nf4 d4 0-1


[Site "https://www.chess.com"]

[Event "Titled Tuesday Blitz November 29 Late 2022"]
[White "Annaberdiyev, Babageldi"]
[Black "Battlecruiser_Operational"]
[WhiteFideId "14000385"]
[WhiteElo "2332"]
[BlackElo "2173"]
[Result "1-0"]
[Round "04"]
[TimeControl "180+1"]
[Date "2022.11.30"]
[WhiteClock "0:00:28"]
[BlackClock "0:00:05"]

1. e4 c6 2. d4 d5 3. Nd2 dxe4 4. Nxe4 Nd7 5. Bc4 Ngf6 6. Ng5 e6 7. Qe2 Nb6 8. Bd3 h6 9. N5f3 c5 10. dxc5 Bxc5 11. Ne5 Qc7 12. Ngf3 Nbd7 13. Bf4 Bb4+ 14. Kf1 Bd6 15. Rd1 Nh5 16. g3 Nxf4 17. gxf4 O-O 18. Rg1 Nf6 19. c3 b6 20. Nd4 a6 21. Qe3 Kh8 22. Bb1 Bb7 23. Qg3 Rg8 24. Re1 Rad8 25. Nxe6 fxe6 26. Ng6+ Kh7 27. Rxe6 Qc4+ 28. Bd3 Qxe6 29. Nf8+ Kh8 30. Nxe6 Rde8 31. Qh3 Bd5 32. f5 Bxe6 33. fxe6 Re7 34. Bg6 Rd8 35. Bf7 b5 36. Rg6 Be5 37. Qf5 Rd5 38. Rxf6 gxf6 39. Qg6 Rd1+ 40. Ke2 1-0


[Site "https://www.chess.com"]

[Event "Titled Tuesday Blitz November 29 Late 2022"]
[White "Arngrimsson, Dagur"]
[Black "Ansh M Shah"]
[WhiteFideId "2301288"]
[BlackFideId "25033379"]
[WhiteElo "2286"]
[BlackElo "2084"]
[Result "0-1"]
[Round "04"]
[TimeControl "180+1"]
[Date "2022.11.30"]
[WhiteClock "0:00:25"]
[BlackClock "0:00:19"]

1. e4 c6 2. d4 d5 3. Nc3 dxe4 4. Nxe4 Nf6 5. Ng3 e6 6. Bg5 Be7 7. Qd2 O-O 8. h4 Nbd7 9. O-O-O b5 10. Kb1 Bb7 11. Nf3 a5 12. Bd3 a4 13. Ne4 Nxe4 14. Bxe4 Nf6 15. Bxf6 Bxf6 16. Qe2 Qc7 17. Bxh7+ Kxh7 18. Ng5+ Kg8 19. Qh5 Rfd8 20. Rde1 Rd6 21. f4 g6 22. Qh7+ Kf8 23. Rxe6 Bg7 24. Rhe1 Rxe6 25. Rxe6 Qxf4 26. a3 Qxd4 27. c3 Qd1+ 28. Ka2 Qd5+ 29. Kb1 Qf5+ 30. Ka2 fxe6 31. h5 gxh5 32. Qxh5 Ke7 33. Qh4 Bf6 34. Qb4+ c5 35. Qxb5 Bd5+ 36. c4 Bxg5 37. cxd5 Qxd5+ 38. Ka1 Ra7 39. Qb8 Rb7 40. Qg8 Bf6 41. Qh7+ Kd6 42. Qh2+ Be5 43. g3 Bxb2+ 44. Kb1 Qd1+ 45. Ka2 Qb3+ 46. Kb1 Bxa3+ 47. Ka1 Qd1+ 48. Ka2 Qb1+ 49. Kxa3 Qb3# 0-1


[Site "https://www.chess.com"]

[Event "Titled Tuesday Blitz November 29 Late 2022"]
[White "Barbot, Pierre"]
[Black "Quinones Garcia, Santiago"]
[WhiteFideId "663727"]
[BlackFideId "4408497"]
[WhiteElo "2439"]
[BlackElo "2249"]
[Result "0-1"]
[Round "04"]
[TimeControl "180+1"]
[Date "2022.11.30"]
[WhiteClock "0:00:01"]
[BlackClock "0:00:13"]

1. d4 Nf6 2. Nf3 g6 3. Bf4 d6 4. h3 Bg7 5. e3 O-O 6. Be2 c5 7. O-O b6 8. c4 cxd4 9. exd4 d5 10. Nc3 Bb7 11. Rc1 dxc4 12. Bxc4 Nc6 13. Re1 Rc8 14. Bf1 Nb4 15. Ne5 Nbd5 16. Bh2 e6 17. Qa4 Qe7 18. a3 Bc6 19. Qb3 Bb7 20. Qa4 Rfd8 21. Red1 a6 22. Qb3 Nd7 23. Na4 Rxc1 24. Rxc1 b5 25. Nc3 N7b6 26. a4 b4 27. Ne4 a5 28. Nd2 Qe8 29. Bb5 Qe7 30. Ndc4 Qg5 31. Rd1 Nf4 32. Bg3 Nxc4 33. Bxc4 Nxg2 0-1


[Site "https://www.chess.com"]

[Event "Titled Tuesday Blitz November 29 Late 2022"]
[White "Barria Zuniga, Daniel"]
[Black "Freile Martin, Javier"]
[WhiteFideId "3400816"]
[BlackFideId "3600165"]
[WhiteElo "2414"]
[BlackElo "2340"]
[Result "1-0"]
[Round "04"]
[TimeControl "180+1"]
[Date "2022.11.30"]
[WhiteClock "0:00:04"]
[BlackClock "0:00:01"]

1. c4 e5 2. g3 Bc5 3. Bg2 Nc6 4. Nc3 Nge7 5. Na4 d6 6. Nxc5 dxc5 7. Nf3 Be6 8. d3 f6 9. O-O Qd7 10. a3 a5 11. Qa4 O-O 12. Be3 b6 13. Rfe1 Rfd8 14. Nd2 Qe8 15. Ne4 Bd7 16. Qd1 a4 17. b3 axb3 18. Qxb3 Nd4 19. Bxd4 Ba4 20. Qb2 cxd4 21. c5 Nd5 22. cxb6 cxb6 23. Rec1 Rab8 24. Rc4 Bb5 25. Rc2 Kh8 26. Rac1 h6 27. Qa2 f5 28. Ng5 Qg8 29. Nf3 Qe6 30. Qb2 Be8 31. Nd2 Bf7 32. a4 Nc3 33. Rxc3 dxc3 34. Rxc3 e4 35. dxe4 fxe4 36. Bxe4 Qe5 37. Bd3 Rbc8 38. Rxc8 Qxb2 39. Rxd8+ Bg8 40. Ne4 g5 41. Nd6 Kg7 42. Rd7+ Kf6 43. Ne4+ Ke5 44. Re7+ Kd4 45. Rd7+ Ke5 46. Re7+ Kd4 47. Rg7 Bd5 48. Rd7 Ke5 49. f4+ gxf4 50. gxf4+ Ke6 51. Rd6+ 1-0


[Site "https://www.chess.com"]

[Event "Titled Tuesday Blitz November 29 Late 2022"]
[White "Bas Mas, Jose Joaquin"]
[Black "Maksimovic, Bojan"]
[WhiteFideId "22219064"]
[BlackFideId "14408120"]
[WhiteElo "2233"]
[BlackElo "2447"]
[Result "0-1"]
[Round "04"]
[TimeControl "180+1"]
[Date "2022.11.30"]
[WhiteClock "0:00:02"]
[BlackClock "0:00:27"]

1. e4 c5 2. Nc3 e6 3. g3 d5 4. exd5 exd5 5. d4 cxd4 6. Qxd4 Nf6 7. Bg5 Nc6 8. Bb5 Be7 9. O-O-O O-O 10. Qa4 a6 11. Nge2 Bd7 12. Bxc6 bxc6 13. Rhe1 c5 14. Qa3 c4 15. Bxf6 gxf6 16. Qxe7 Qxe7 17. Nxd5 Qd8 18. Nef4 Bc6 19. Ne7+ Qxe7 20. Rxe7 Rfe8 21. Rxe8+ Rxe8 22. Kd2 Kg7 23. Kc3 Bf3 24. Rd4 Re1 25. Rxc4 f5 26. b4 Ra1 27. Kb2 Rf1 28. a4 Rxf2 29. b5 axb5 30. axb5 Rxh2 31. b6 Rh6 32. Rb4 Bb7 33. Nd3 Rc6 34. c4 Kf6 35. Kc3 h5 36. Kd4 Rd6+ 37. Ke3 Rc6 38. c5 Re6+ 39. Kd4 Re4+ 40. Kc3 Re3 41. Kd2 Rxg3 42. Nf4 h4 43. Nh5+ Kg5 44. Nxg3 hxg3 45. Ke1 f4 46. Rc4 Bc6 47. Rd4 f3 48. Rd6 f2+ 49. Kf1 Bb5+ 50. Kg2 f1=Q+ 51. Kxg3 Qf4+ 52. Kg2 Qg4+ 53. Kf2 Qf5+ 54. Ke3 Qxc5+ 0-1


[Site "https://www.chess.com"]

[Event "Titled Tuesday Blitz November 29 Late 2022"]
[White "Bashirli, Nail"]
[Black "Banzea, Alexandru-Bogdan"]
[WhiteFideId "13406809"]
[BlackFideId "1232622"]
[WhiteElo "2318"]
[BlackElo "2294"]
[Result "1-0"]
[Round "04"]
[TimeControl "180+1"]
[Date "2022.11.30"]
[WhiteClock "0:01:35"]
[BlackClock "0:00:09"]

1. e4 c6 2. Nc3 d5 3. Nf3 dxe4 4. Nxe4 Nf6 5. Qe2 Be6 6. b3 Nxe4 7. Qxe4 Nd7 8. Bb2 Nf6 9. Qf4 g6 10. O-O-O Bg7 11. h4 O-O 12. Ng5 Bc8 13. Be2 h6 14. Ne4 Qa5 15. Nxf6+ exf6 16. a4 f5 17. Bxg7 Kxg7 18. h5 g5 19. Qd4+ f6 20. Rhe1 Qe5 21. Qb2 Qxb2+ 22. Kxb2 Re8 23. d4 Bd7 24. c4 Re7 25. Bd3 Rae8 26. Rxe7+ Rxe7 27. d5 c5 28. a5 f4 29. f3 Re3 30. Kc2 g4 31. fxg4 Rg3 32. Rf1 Rxg2+ 33. Kc3 Rxg4 34. b4 b6 35. bxc5 bxc5 36. Rb1 Kf7 37. Rb7 Ke8 38. Rxd7 1-0


[Site "https://www.chess.com"]

[Event "Titled Tuesday Blitz November 29 Late 2022"]
[White "Bayo Milagro, Alvaro"]
[Black "Yuan, Qingyu"]
[WhiteFideId "22275240"]
[BlackFideId "8609772"]
[WhiteElo "2270"]
[BlackElo "2359"]
[Result "0-1"]
[Round "04"]
[TimeControl "180+1"]
[Date "2022.11.30"]
[WhiteClock "0:00:03"]
[BlackClock "0:00:03"]

1. Nf3 d5 2. d4 Nf6 3. c4 e6 4. g3 dxc4 5. Bg2 c5 6. O-O Nc6 7. dxc5 Qxd1 8. Rxd1 Bxc5 9. Nbd2 c3 10. bxc3 O-O 11. Nb3 Be7 12. c4 Bd7 13. Bb2 Rfc8 14. Rac1 Be8 15. c5 b6 16. Ne5 Nd5 17. Bxd5 exd5 18. Nxc6 Rxc6 19. Rxd5 bxc5 20. Nxc5 Rb8 21. Bd4 Rbc8 22. Be3 f6 23. Nd3 Rxc1+ 24. Nxc1 a6 25. f3 Rc2 26. Kf2 Bb5 27. Rd4 Ba3 28. Rd2 Rxc1 29. Rd8+ Kf7 30. Bxc1 Bxc1 31. Ra8 Ba3 32. g4 Bd6 33. h4 h6 34. h5 Bc5+ 35. e3 g6 36. hxg6+ Kxg6 37. a4 Bd3 38. f4 f5 39. gxf5+ Kxf5 40. Rh8 Kg6 41. Kf3 Bc2 42. Ra8 Bd3 43. e4 h5 44. Rc8 Bb4 45. Rc6+ Kg7 46. f5 a5 47. Rg6+ Kf7 48. Rh6 Bc2 49. Rxh5 Bd1+ 0-1


[Site "https://www.chess.com"]